| TOP OF THE 1ST |
|
Kansas City Royals batting - Pitching for Cleveland Spiders : RHP Jose DeLeon
|
|
Pitching: RHP Jose DeLeon
|
|
|
Batting: RHB Rickey Henderson
|
0-0: Ball 1-0: Called Strike 1-1: Ball 2-1: Ball 3-1: Fly out, F8 (Flyball, 8LS, EV 86.9 MPH)
|
|
Batting: LHB Rick Manning
|
0-0: Called Strike 0-1: Ball 1-1: Foul Ball, location: 2F 1-2: Hit by Pitch
|
|
Batting: RHB Jeffrey Leonard
|
0-0: Ball 1-0: Foul Ball, location: 2F 1-1: Called Strike 1-2: Ball Rick Manning steals 2nd base 2-2: Strikes out swinging
|
|
Batting: LHB Alvin Davis
|
0-0: Ball 1-0: Foul Ball, location: 2F 1-1: Swinging Strike 1-2: Foul Ball, location: 2F 1-2: Ball 2-2: Ball 3-2: Strikes out swinging
|
| Top of the 1st over - 0 runs, 0 hits, 0 errors, 1 left on base; Kansas City 0 - Cleveland 0 |
| BOTTOM OF THE 1ST |
|
Cleveland Spiders batting - Pitching for Kansas City Royals : LHP Dave LaPoint
|
|
Pitching: LHP Dave LaPoint
|
|
|
Batting: RHB Tom Brunansky
|
0-0: Ball 1-0: Ground out 6-3 (Groundball, 6M, EV 85.0 MPH)
|
|
Batting: SHB Bump Wills
|
0-0: Ball 1-0: Ball 2-0: Foul Ball, location: 2F 2-1: Reached via error on a dropped throw from SS, E3 (Groundball, 6, EV 78.8 MPH)
|
|
Batting: RHB Gary Gaetti
|
0-0: Ball 1-0: Ball 2-0: Ball 3-0: Called Strike 3-1: Foul Ball, location: 2F 3-2: Ground out 6-3 (Groundball, P, EV 85.6 MPH) Bump Wills to second
|
|
Batting: SHB Salvador Perez
|
0-0: Ball 1-0: Ball 2-0: Foul Ball, location: 2F 2-1: SINGLE (Line Drive, 7S, EV 92.5 MPH) Bump Wills to third Runner from 3rd tries for Home, SAFE, throw by LF to home
|
|
Batting: RHB Clayton Elliott
|
0-0: Ball 1-0: Ball 2-0: Foul Ball, location: 2F 2-1: Ball 3-1: Base on Balls Salvador Perez to second
|
|
Batting: RHB Alan Trammell
|
0-0: Ball 1-0: Ball 2-0: Called Strike 2-1: Ground out 4-3 (Groundball, 4, EV 86.3 MPH)
|
| Bottom of the 1st over - 1 run, 1 hit, 1 error, 2 left on base; Kansas City 0 - Cleveland 1 |
| TOP OF THE 2ND |
|
Kansas City Royals batting - Pitching for Cleveland Spiders : RHP Jose DeLeon
|
|
Batting: RHB Gary Carter
|
0-0: Ball 1-0: Foul Ball, location: 2F 1-1: Foul Ball, location: 2F 1-2: Foul Ball, location: 2F 1-2: Ball 2-2: Ball 3-2: Strikes out swinging
|
|
Batting: RHB Bob Horner
|
0-0: SINGLE (Groundball, 6MD, EV 95.6 MPH)
|
|
Batting: LHB Gene Richards
|
0-0: Ball 1-0: Called Strike 1-1: Called Strike 1-2: Ball Wild Pitch! Bob Horner to second 2-2: Ground out 5-3 (Groundball, 25, EV 83.8 MPH)
|
|
Batting: RHB Adrian Monrreal
|
0-0: Ball 1-0: Ball 2-0: Foul Ball, location: 2F 2-1: Ball 3-1: Base on Balls
|
|
Batting: RHB Charlie O'Brien
|
0-0: Called Strike 0-1: Ground out 1-3 (Groundball, P, EV 74.4 MPH)
|
| Top of the 2nd over - 0 runs, 1 hit, 0 errors, 2 left on base; Kansas City 0 - Cleveland 1 |
| BOTTOM OF THE 2ND |
|
Cleveland Spiders batting - Pitching for Kansas City Royals : LHP Dave LaPoint
|
|
Batting: RHB Cressy Pratt
|
0-0: Called Strike 0-1: Ball 1-1: Ground out 4-3 (Groundball, 4, EV 86.9 MPH)
|
|
Batting: RHB Kevin Bell
|
0-0: Ball 1-0: Called Strike 1-1: SINGLE (Groundball, 34S, EV 76.9 MPH) (infield hit)
|
|
Batting: RHB Lance Parrish
|
0-0: Fly out, F9 (Flyball, 9S, EV 88.8 MPH)
|
|
Batting: RHB Tom Brunansky
|
0-0: Foul Ball, location: 2F 0-1: Ball 1-1: Fly out, F6 (Flyball, 6MD, EV 85.0 MPH)
|
| Bottom of the 2nd over - 0 runs, 1 hit, 0 errors, 1 left on base; Kansas City 0 - Cleveland 1 |
| TOP OF THE 3RD |
|
Kansas City Royals batting - Pitching for Cleveland Spiders : RHP Jose DeLeon
|
|
Batting: RHB Rickey Henderson
|
0-0: Ground out 6-3 (Groundball, 6, EV 88.1 MPH)
|
|
Batting: LHB Rick Manning
|
0-0: Fly out, F7 (Flyball, 7D, EV 100.6 MPH)
|
|
Batting: RHB Jeffrey Leonard
|
0-0: Swinging Strike 0-1: Ground out 6-3 (Groundball, 6, EV 88.1 MPH)
|
| Top of the 3rd over - 0 runs, 0 hits, 0 errors, 0 left on base; Kansas City 0 - Cleveland 1 |
| BOTTOM OF THE 3RD |
|
Cleveland Spiders batting - Pitching for Kansas City Royals : LHP Dave LaPoint
|
|
Batting: SHB Bump Wills
|
0-0: Ball 1-0: Called Strike 1-1: Foul Ball, location: 2F 1-2: Ball 2-2: Ball 3-2: Strikes out swinging
|
|
Batting: RHB Gary Gaetti
|
0-0: Ground out U3 (Groundball, 34, EV 78.1 MPH)
|
|
Batting: SHB Salvador Perez
|
0-0: Ball 1-0: Ground out 5-3 (Groundball, 56S, EV 81.3 MPH)
|
| Bottom of the 3rd over - 0 runs, 0 hits, 0 errors, 0 left on base; Kansas City 0 - Cleveland 1 |
| TOP OF THE 4TH |
|
Kansas City Royals batting - Pitching for Cleveland Spiders : RHP Jose DeLeon
|
|
Batting: LHB Alvin Davis
|
0-0: Called Strike 0-1: Ball 1-1: Fly out, F8 (Flyball, 78D, EV 98.8 MPH)
|
|
Batting: RHB Gary Carter
|
0-0: Ball 1-0: Called Strike 1-1: Foul Ball, location: 2F 1-2: Ground out 5-3 (Groundball, 5L, EV 75.6 MPH)
|
|
Batting: RHB Bob Horner
|
0-0: Ball 1-0: Ball 2-0: DOUBLE (Line Drive, 9LS, EV 108.1 MPH)
|
|
Batting: LHB Gene Richards
|
0-0: Called Strike 0-1: Foul Ball, location: 2F 0-2: Ball 1-2: Foul Ball, location: 2F 1-2: SINGLE (Line Drive, 9S, EV 98.8 MPH) Bob Horner to third Runner from 3rd tries for Home, SAFE, throw by RF to home
|
|
Batting: RHB Adrian Monrreal
|
0-0: Foul Ball, location: 2F 0-1: Ball 1-1: Fielders Choice at 2nd, 5-4 (Groundball, 56, EV 78.8 MPH)
|
| Top of the 4th over - 1 run, 2 hits, 0 errors, 1 left on base; Kansas City 1 - Cleveland 1 |
| BOTTOM OF THE 4TH |
|
Cleveland Spiders batting - Pitching for Kansas City Royals : LHP Dave LaPoint
|
|
Batting: RHB Clayton Elliott
|
0-0: Called Strike 0-1: Foul Ball, location: 2F 0-2: Ball 1-2: Ball 2-2: Ball 3-2: Foul Ball, location: 2F 3-2: Base on Balls
|
|
Batting: RHB Alan Trammell
|
0-0: Ball 1-0: Ball 2-0: SINGLE (Groundball, 34D, EV 102.5 MPH) Clayton Elliott to second Runner from 2nd tries for 3rd, SAFE, throw by RF made to third
|
|
Batting: RHB Cressy Pratt
|
0-0: DOUBLE (Groundball, 5L, EV 102.5 MPH) Clayton Elliott scores Alan Trammell to third Runner from 3rd tries for Home, SAFE, no throw by LF
|
|
Batting: RHB Kevin Bell
|
0-0: Ball 1-0: Foul Ball, location: 2F 1-1: Ball 2-1: Foul Ball, location: 2F 2-2: Foul Ball, location: 2F 2-2: Foul Ball, location: 2F 2-2: Foul Ball, location: 2F 2-2: Ball 3-2: Base on Balls
|
|
Batting: RHB Lance Parrish
|
0-0: Called Strike 0-1: Swinging Strike 0-2: Strikes out looking
|
|
Batting: RHB Tom Brunansky
|
0-0: Ball 1-0: Ball 2-0: Called Strike 2-1: Ball 3-1: Fly out, F9 (Flyball, 9D, EV 109.4 MPH) Runner from 2nd tags up, SAFE at 3rd, no throw by RF
|
|
Batting: SHB Bump Wills
|
0-0: Called Strike 0-1: Ball 1-1: Foul Ball, location: 2F 1-2: Ball 2-2: DOUBLE (Flyball, 8RD, EV 100.6 MPH) Cressy Pratt scores Kevin Bell to third Kevin Bell scores
|
|
Batting: RHB Gary Gaetti
|
0-0: Called Strike 0-1: Fly out, F9 (Flyball, 9S, EV 76.9 MPH)
|
| Bottom of the 4th over - 4 runs, 3 hits, 0 errors, 1 left on base; Kansas City 1 - Cleveland 5 |
| TOP OF THE 5TH |
|
Kansas City Royals batting - Pitching for Cleveland Spiders : RHP Jose DeLeon
|
|
Batting: RHB Charlie O'Brien
|
0-0: Hit by Pitch
|
|
Batting: RHB Rickey Henderson
|
0-0: Called Strike 0-1: Swinging Strike 0-2: Ball 1-2: Fly out, F3 (Popup, 3SF, EV 71.9 MPH)
|
|
Batting: LHB Rick Manning
|
0-0: Ball 1-0: Foul Ball, location: 2F 1-1: Ball 2-1: Ball 3-1: Swinging Strike 3-2: Fly out, F3 (Popup, 3SF, EV 76.3 MPH)
|
|
Batting: RHB Jeffrey Leonard
|
Pickoff Throw to First - Out! 1-3
|
| Top of the 5th over - 0 runs, 0 hits, 0 errors, 0 left on base; Kansas City 1 - Cleveland 5 |
| BOTTOM OF THE 5TH |
|
Cleveland Spiders batting - Pitching for Kansas City Royals : LHP Dave LaPoint
|
|
Batting: SHB Salvador Perez
|
0-0: Ball 1-0: Called Strike 1-1: Fly out, F7 (Line Drive, 7D, EV 105.0 MPH)
|
|
Batting: RHB Clayton Elliott
|
0-0: Ball 1-0: Foul Ball, location: 2F 1-1: Ball 2-1: Ball 3-1: Swinging Strike 3-2: Base on Balls
|
|
Batting: RHB Alan Trammell
|
0-0: Ground out 6-3 (Groundball, 6, EV 78.8 MPH) Clayton Elliott to second
|
|
Batting: RHB Cressy Pratt
|
0-0: Ball 1-0: Ball 2-0: Foul Ball, location: 2F 2-1: Fly out, F8 (Line Drive, 8RM, EV 98.8 MPH)
|
| Bottom of the 5th over - 0 runs, 0 hits, 0 errors, 1 left on base; Kansas City 1 - Cleveland 5 |
| TOP OF THE 6TH |
|
Kansas City Royals batting - Pitching for Cleveland Spiders : RHP Jose DeLeon
|
|
Batting: RHB Jeffrey Leonard
|
0-0: Called Strike 0-1: Ball 1-1: Ball 2-1: Called Strike 2-2: Ball 3-2: Strikes out swinging
|
|
Batting: LHB Alvin Davis
|
0-0: Called Strike 0-1: Foul Ball, location: 2F 0-2: DOUBLE (Groundball, 3L, EV 97.5 MPH)
|
|
Batting: RHB Gary Carter
|
0-0: Foul Ball, location: 2F 0-1: Called Strike 0-2: Strikes out swinging
|
|
Batting: RHB Bob Horner
|
0-0: Called Strike 0-1: Swinging Strike 0-2: Fly out, F9 (Flyball, 9D, EV 100.6 MPH)
|
| Top of the 6th over - 0 runs, 1 hit, 0 errors, 1 left on base; Kansas City 1 - Cleveland 5 |
| BOTTOM OF THE 6TH |
|
Cleveland Spiders batting - Pitching for Kansas City Royals : LHP Dave LaPoint
|
|
Batting: RHB Kevin Bell
|
0-0: Ball 1-0: Ball 2-0: Called Strike 2-1: Ball 3-1: Called Strike 3-2: Strikes out looking
|
|
Batting: RHB Lance Parrish
|
0-0: Ball 1-0: Called Strike 1-1: Ball 2-1: SINGLE (Line Drive, 56D, EV 96.9 MPH)
|
|
Batting: RHB Tom Brunansky
|
0-0: Foul Ball, location: 2F 0-1: Grounds into double play, 5-4-3 (Groundball, 56, EV 105.6 MPH)
|
| Bottom of the 6th over - 0 runs, 1 hit, 0 errors, 0 left on base; Kansas City 1 - Cleveland 5 |
| TOP OF THE 7TH |
|
Kansas City Royals batting - Pitching for Cleveland Spiders : RHP Jose DeLeon
|
|
Batting: LHB Gene Richards
|
0-0: Ground out U3 (Groundball, 3, EV 83.1 MPH)
|
|
Batting: RHB Adrian Monrreal
|
0-0: Fly out, F9 (Line Drive, 9D, EV 100.6 MPH)
|
|
Batting: RHB Charlie O'Brien
|
0-0: DOUBLE (Flyball, 8RXD, EV 90.6 MPH)
|
|
Batting: RHB Rickey Henderson
|
0-0: Called Strike 0-1: Ball 1-1: Called Strike 1-2: Ball 2-2: Strikes out looking
|
| Top of the 7th over - 0 runs, 1 hit, 0 errors, 1 left on base; Kansas City 1 - Cleveland 5 |
| BOTTOM OF THE 7TH |
|
Cleveland Spiders batting - Pitching for Kansas City Royals : LHP Dave LaPoint
|
|
Batting: SHB Bump Wills
|
0-0: Called Strike 0-1: Ground out 6-3 (Groundball, 6M, EV 87.5 MPH)
|
|
Batting: RHB Gary Gaetti
|
0-0: Foul Ball, location: 2F 0-1: Ball 1-1: Swinging Strike 1-2: Ball 2-2: Foul Ball, location: 2F 2-2: Ball 3-2: SINGLE (Groundball, 56, EV 90.0 MPH) (infield hit)
|
|
Pitching: RHP Dave Tobik
|
|
|
Batting: SHB Salvador Perez
|
0-0: Fielders Choice at 2nd, 3-6 (Groundball, 34S, EV 85.6 MPH)
|
|
Batting: RHB Clayton Elliott
|
0-0: Ball 1-0: Ball 2-0: Ball 3-0: Base on Balls Salvador Perez to second
|
|
Batting: RHB Alan Trammell
|
0-0: Called Strike 0-1: Ball 1-1: Foul Ball, location: 2F 1-2: Strikes out swinging
|
| Bottom of the 7th over - 0 runs, 1 hit, 0 errors, 2 left on base; Kansas City 1 - Cleveland 5 |
| TOP OF THE 8TH |
|
Kansas City Royals batting - Pitching for Cleveland Spiders : RHP Jose DeLeon
|
|
Batting: LHB Rick Manning
|
0-0: Foul Ball, location: 2F 0-1: Ball 1-1: Ground out 4-3 (Groundball, 4, EV 97.5 MPH)
|
|
Batting: RHB Jeffrey Leonard
|
0-0: Called Strike 0-1: Swinging Strike 0-2: Strikes out swinging
|
|
Batting: LHB Alvin Davis
|
0-0: Ball 1-0: Swinging Strike 1-1: Ball 2-1: Foul Ball, location: 2F 2-2: Foul Ball, location: 2F 2-2: Strikes out looking
|
| Top of the 8th over - 0 runs, 0 hits, 0 errors, 0 left on base; Kansas City 1 - Cleveland 5 |
| BOTTOM OF THE 8TH |
|
Cleveland Spiders batting - Pitching for Kansas City Royals : RHP Dave Tobik
|
|
Batting: RHB Cressy Pratt
|
0-0: Called Strike 0-1: Called Strike 0-2: Strikes out looking
|
|
Batting: RHB Kevin Bell
|
0-0: Ball 1-0: Foul Ball, location: 2F 1-1: Ball 2-1: Ball 3-1: Base on Balls
|
|
Batting: RHB Lance Parrish
|
0-0: Ball 1-0: Ball 2-0: Swinging Strike 2-1: Ground out 5-3 (Groundball, 56S, EV 68.8 MPH) Kevin Bell to second
|
|
Batting: RHB Tom Brunansky
|
0-0: Fly out, F8 (Flyball, 8RD, EV 94.4 MPH)
|
| Bottom of the 8th over - 0 runs, 0 hits, 0 errors, 1 left on base; Kansas City 1 - Cleveland 5 |
| TOP OF THE 9TH |
|
Kansas City Royals batting - Pitching for Cleveland Spiders : RHP Jose DeLeon
|
|
Batting: RHB Gary Carter
|
0-0: Ball 1-0: Ball 2-0: SOLO HOME RUN (Flyball, 9D, EV 95.6 MPH), Distance : 404 ft
|
|
Batting: RHB Bob Horner
|
0-0: Fly out, F8 (Flyball, 8LD, EV 104.4 MPH)
|
|
Batting: LHB Gene Richards
|
0-0: Ball 1-0: Swinging Strike 1-1: Called Strike 1-2: Ball 2-2: Foul Ball, location: 2F 2-2: Strikes out swinging
|
|
Batting: RHB Adrian Monrreal
|
0-0: Ball 1-0: Ball 2-0: Ball 3-0: Foul Ball, location: 2F 3-1: Base on Balls
|
|
Batting: RHB Charlie O'Brien
|
0-0: Swinging Strike 0-1: Ball 1-1: Called Strike 1-2: Ball 2-2: Foul Ball, location: 2F 2-2: Foul Ball, location: 2F 2-2: Foul Ball, location: 2F 2-2: Strikes out swinging
|
| Top of the 9th over - 1 run, 1 hit, 0 errors, 1 left on base; Kansas City 2 - Cleveland 5 |
|